[Event "Early-Titled-Tuesday-Blitz-May-28-2024"]
[Site "Chess.com"]
[Date "2024.05.28"]
[Round "11"]
[White "igorkovalenko"]
[Black "lamomiajunior"]
[Result "1/2-1/2"]
[WhiteElo "2903"]
[BlackElo "2746"]
[TimeControl "180+1"]
[EndTime "10:09:34 PDT"]
[Termination "Game drawn by repetition"]

1. e4 c5 2. Nf3 d6 3. d4 cxd4 4. Nxd4 Nf6 5. Nc3 a6 6. Bg5 Nc6 7. Nxc6 bxc6 8. e5 h6 9. Bf4 Ng8 10. exd6 exd6 11. Be2 Nf6 12. O-O Be7 13. Bf3 d5 14.
Re1 O-O 15. Qd4 Be6 16. Na4 Nd7 17. Rad1 Bf6 18. Qd2 Re8 19. b3 g5 20. Bg3 Bg7 21. h3 Qf6 22. Be2 a5 23. c4 d4 24.
Bf3 Bxh3 25. Bxc6 Qxc6 26. gxh3 Be5 27. Qe2 Bxg3 28. Qxe8+ Rxe8 29. Rxe8+ Kg7 30. fxg3 Qf3 31. Rxd4 Qxg3+ 32. Kf1 Qxh3+ 33. Ke2 Nf6 34. Re3 Qg2+ 35. Kd3 Ng4 36. Re2 Qf3+ 37. Kd2 Nf6 38. Nc3 g4 39. Rd3 Qf4+ 40. Kc2 h5 41. Nd5 Qf1 42.
Re5 Nxd5 43. cxd5 Qf2+ 44. Rd2 Qc5+ 45. Kb2 Kg6 46. Re4 Qd6 47. Rc4 Qe5+ 48. Ka3 Qd6+ 49. Ka4 Qd7+ 50. Kxa5 g3 51. d6 Kg5 52. Rd5+ f5 53. Rcc5 g2 54. Rxf5+ Qxf5 55. Rxf5+ Kxf5 56. d7 g1=Q 57. d8=Q Qa7+ 58. Kb5 Qxa2 59. Qd3+ Kg5 60. Qg3+ Kf6 61. Qf4+ Kg6 62. Qe4+ Kg5 63. Qe5+ Kg4 64. Qe4+ Kg5 65. Qe3+ Kg4 66. Qe4+ Kg5 1/2-1/2

[Event "Early-Titled-Tuesday-Blitz-May-28-2024"]
[Site "Chess.com"]
[Date "2024.05.28"]
[Round "11"]
[White "MarkusRagger"]
[Black "nabukatnezarr"]
[Result "1-0"]
[WhiteElo "2812"]
[BlackElo "2668"]
[TimeControl "180+1"]
[EndTime "10:09:34 PDT"]
[Termination "MarkusRagger won by resignation"]

1. d4 Nf6 2. Nf3 e6 3. c4 c5 4. d5 exd5 5. cxd5 g6 6. Nc3 d6 7.
Bf4 a6 8. a4 Bg7 9. h3 O-O 10. e3 Ne8 11. Be2 Nd7 12. O-O Ne5 13. Nd2 f5 14. Re1 Bd7 15. Bh2 Rb8 16. a5 g5 17. Bf1 g4 18. Nc4 Nxc4 19. Bxc4 gxh3 20. gxh3 Qh4 21. Bf1 f4 22. exf4 Bd4 23. Qf3 Rf7 24.
Ne4 Rg7+ 25. Kh1 Bf5 26. Bg3 Qh6 27. Ng5 Nf6 28. Qg2 Qg6 29. Ne6 Re7 30. Bh4 Kf7 31. Qxg6+ hxg6 32. Nxd4 Rxe1 33. Rxe1 cxd4 34. Rd1 d3 35.
Bxd3 Rh8 36. Bxf5 gxf5 37. Bxf6 Kxf6 38. Rd3 Rc8 39. Re3 Rc5 40. Re6+ Kf7 41. Rxd6 Rxa5 42. Rb6 Rxd5 43. Rxb7+ Kg6 44. Rb6+ Kh5 45. Rxa6 Rd4 46. Rb6 Rxf4 47. Kg2 Rd4 48. Rb8 Rd2 49. b4 Kg5 50. b5 Kf4 51. b6 Rb2 52. b7 Rb6 53. h4 Rb5 54. h5 Rb6 55. h6 Rg6+ 56. Kf1 Kf3 57. Re8 Rxh6 58. Re3+ Kf4 59. b8=Q+ 1-0

[Event "Early-Titled-Tuesday-Blitz-May-28-2024"]
[Site "Chess.com"]
[Date "2024.05.28"]
[Round "11"]
[White "GoValya"]
[Black "MarlonJodar"]
[Result "0-1"]
[WhiteElo "2219"]
[BlackElo "2309"]
[TimeControl "180+1"]
[EndTime "10:09:36 PDT"]
[Termination "MarlonJodar won by checkmate"]

1. d4 d5 2. g3 Nf6 3. Bg2 g6 4. Nf3 Bg7 5. O-O O-O 6. c4 c6 7. Nc3 dxc4 8. Ne5 Ng4 9. Nf3 b5 10. h3 Nf6 11. Ne5 Nd5 12. Nxc6 Nxc6 13. Nxd5 Bb7 14.
Bg5 Qd7 15. e3 h6 16. Bf4 Nxd4 17. Nc7 Bxg2 18. Kxg2 Qc6+ 19. f3 Rad8 20. exd4 e5 21. d5 Qxc7 22. Be3 Qb7 23. d6 Qc6 24. Bxa7 Rxd6 25.
Qe2 Rfd8 26. Rad1 Qa6 27. Bc5 Rxd1 28. Rxd1 Rxd1 29. Qxd1 Qxa2 30. Qd2 e4 31. fxe4 Qxb2 32. Qxb2 Bxb2 33. Kf2 f5 34. exf5 gxf5 35. Ke2 Kf7 36. Kd2 Ke6 37. h4 h5 38. Kc2 Be5 39. Bf2 Kd5 40. Kd2 b4 41. Kc2 b3+ 42. Kb1 c3 43. Be1 Kc4 44. Kc1 f4 45. Bf2 fxg3 46. Be3 g2 47.
Kd1 Kd3 48. Bg1 c2+ 49. Ke1 Bg3+ 50. Bf2 c1=R# 0-1

[Event "Early-Titled-Tuesday-Blitz-May-28-2024"]
[Site "Chess.com"]
[Date "2024.05.28"]
[Round "11"]
[White "guillembaches"]
[Black "Resignify"]
[Result "1/2-1/2"]
[WhiteElo "2492"]
[BlackElo "2333"]
[TimeControl "180+1"]
[EndTime "10:09:38 PDT"]
[Termination "Game drawn by repetition"]

1. d4 Nf6 2. Nf3 g6 3. Bg5 Bg7 4. Nbd2 d6 5. e4 h6 6. Bh4 g5 7. Bg3 Nh5 8. c3 c6 9. Be2 Nd7 10. O-O O-O 11. Re1 c5 12. dxc5 Nxc5 13. Qc2 a6 14.
Rad1 Qc7 15. Nd4 Nxg3 16. hxg3 e6 17. Nc4 b5 18. Ne3 Bb7 19. f3 Rfd8 20. Bf1 Nd7 21. Qd2 Ne5 22. Ndc2 Rab8 23. Nb4 a5 24. Nd3 Nc4 25. Qf2 Nxe3 26. Qxe3 b4 27. cxb4 axb4 28. Kh2 Qa5 29. Rd2 Ba6 30. Nc1 Bxf1 31. Rxf1 d5 32. e5 d4 33. Rxd4 Rxd4 34. Qxd4 Qxe5 35. Qxe5 Bxe5 36.
Nd3 Bf6 37. b3 Bc3 38. Rf2 Rd8 39. Nc5 Rd1 40. Na4 Rc1 41. Re2 Kg7 42. g4 Kf6 43. g3 Ke7 44. Kg2 Kd6 45. f4 f6 46. Kf3 Kd5 47. Nb6+ Kd6 48. Nc4+ Kd5 49. Nb6+ Kd6 50. Nc4+ Kd5 51. Nb6+ 1/2-1/2

[Event "Early-Titled-Tuesday-Blitz-May-28-2024"]
[Site "Chess.com"]
[Date "2024.05.28"]
[Round "11"]
[White "FlemingA"]
[Black "gabduschew"]
[Result "1-0"]
[WhiteElo "2477"]
[BlackElo "2323"]
[TimeControl "180+1"]
[EndTime "10:09:40 PDT"]
[Termination "FlemingA won by resignation"]

1. f4 e5 2. fxe5 d6 3. Nf3 dxe5 4. e4 Bc5 5. Bc4 Bg4 6. Bxf7+ Kf8 7. Bb3 Nf6 8. Qe2 Nc6 9. c3 Qd7 10. h3 Bh5 11. g4 Bg6 12. d3 Rd8 13. Bc2 Ke7 14. a4 Rhf8 15. b4 Bd6 16. Nbd2 Kf7 17. Bb3+ Ke7 18.
Nc4 Nxb4 19. Nxd6 Qxd6 20. Ba3 a5 21. cxb4 axb4 22. Bb2 Qxd3 23. Bc2 Qxe2+ 24. Kxe2 Bxe4 25. Bxe4 Nxe4 26. Rhd1 Rxd1 27. Rxd1 Ng3+ 28. Ke3 e4 29. Nd4 c5 30. Nf5+ Nxf5+ 31. gxf5 Rxf5 32. Kxe4 Rf2 33. Bxg7 Ra2 34. Rd5 Rxa4 35. Rxc5 b3+ 36. Kf3 Rb4 37. Bb2 Kd6 38. Rh5 b5 39. Rxh7 Rc4 40. Rh6+ Kc5 41. Rh8 Rc2 42. Rc8+ Kb4 43. Rxc2 bxc2 44. h4 Kb3 45.
Bc1 Kc3 46. h5 b4 47. h6 b3 48. h7 b2 49. h8=Q+ Kd3 50. Bxb2 c1=Q 51. Qd4+ Kc2 52. Qc3+ Kb1 53. Qxc1+ Ka2 54. Qa1+ Kb3 55. Qa3+ Kc2 1-0

[Event "Early-Titled-Tuesday-Blitz-May-28-2024"]
[Site "Chess.com"]
[Date "2024.05.28"]
[Round "11"]
[White "Sippp"]
[Black "dmosesov"]
[Result "1-0"]
[WhiteElo "2806"]
[BlackElo "2660"]
[TimeControl "180+1"]
[EndTime "10:09:42 PDT"]
[Termination "Sippp won on time"]

1. e4 e5 2. Nf3 Nc6 3. Bb5 a6 4. Ba4 Nf6 5. O-O Nxe4 6. d4 b5 7. Bb3 d5 8. dxe5 Be6 9. Qe2 Bc5 10. Be3 Bxe3 11. Qxe3 O-O 12. Nbd2 Nxd2 13. Qxd2 Qd7 14. h3 Rfd8 15. a4 d4 16. axb5 axb5 17. Rxa8 Rxa8 18.
Bxe6 Qxe6 19. Re1 Qd5 20. Qd3 h6 21. c3 Qb3 22. Qe4 Ra6 23. cxd4 Nb4 24. Re2 Nd5 25. Kh2 Re6 26. Rc2 c6 27. Re2 Qc4 28. g3 Qb3 29. Ne1 Qd1 30. Nd3 Nf6 31. Qf3 Nd7 32. Kg2 Qb1 33. Nf4 Re7 34. Qxc6 Qd1 35. Qe4 Nf6 36. Qd3 Qxd3 37. Nxd3 Nd5 38. Rc2 Ra7 39. Rc5 Nc7 40. d5 Kf8 41. d6 Ne6 42. Rc8+ 1-0

[Event "Early-Titled-Tuesday-Blitz-May-28-2024"]
[Site "Chess.com"]
[Date "2024.05.28"]
[Round "11"]
[White "KNVB"]
[Black "theoneandonlydaaevik"]
[Result "1-0"]
[WhiteElo "2776"]
[BlackElo "2615"]
[TimeControl "180+1"]
[EndTime "10:09:43 PDT"]
[Termination "KNVB won on time"]

1. e4 c5 2. Nf3 e6 3. c3 d5 4. exd5 Qxd5 5. d4 Nf6 6. Bb5+ Bd7 7. Na3 a6 8. Be2 cxd4 9. Nc4 Bc5 10. cxd4 Ba7 11. Nfe5 Bc6 12. Bf3 Qxd4 13. Nd6+ Ke7 14.
Qxd4 Bxd4 15. Ndxf7 Bxf3 16. Nxf3 Kxf7 17. Nxd4 e5 18.
Nf5 Rd8 19. O-O Nc6 20. b3 Nd4 21. Ne3 Rac8 22. Bb2 b5 23. Rfe1 Rd7 24. Kf1 e4 25. Rad1 Rcd8 26. h3 Ne6 27. Rc1 Nf4 28. Bxf6 gxf6 29.
Nf5 Nd3 30. Rcd1 Nxe1 31. Rxe1 Rd1 32. Ng3 R8d2 33. Nxe4 Rxe1+ 34. Kxe1 Rxa2 35. g4 Ke6 36. Kd1 Ke5 37. f3 Kf4 38. Nxf6 Kxf3 39. Nxh7 Rh2 40. Kc1 Rxh3 41. Ng5+ Kxg4 42. Nxh3 Kxh3 43. Kd2 a5 44.
Ke3 1-0

[Event "Early-Titled-Tuesday-Blitz-May-28-2024"]
[Site "Chess.com"]
[Date "2024.05.28"]
[Round "11"]
[White "xasid81"]
[Black "the_chess_child"]
[Result "0-1"]
[WhiteElo "2602"]
[BlackElo "2886"]
[TimeControl "180+1"]
[EndTime "10:09:49 PDT"]
[Termination "the_chess_child won by resignation"]

1. b3 Nf6 2. Bb2 g6 3. Bxf6 exf6 4. c4 d5 5. cxd5 Qxd5 6. Nc3 Qd8 7. Nf3 Ba3 8. Qc2 O-O 9. d3 a6 10. Nb1 Bb4+ 11.
Nbd2 Nc6 12. a3 Bd6 13. e3 Re8 14. Be2 Bf5 15. O-O h5 16. Rfd1 Kg7 17. Qc3 Rc8 18.
d4 Nb8 19. Bd3 Be6 20. Bc4 Bf5 21. Bd3 Bg4 22. h3 Be6 23. Bc4 Bd7 24. Bd5 c6 25.
Bc4 c5 26. d5 b5 27. Bf1 Qe7 28. e4 Rcd8 29. a4 c4 30. bxc4 b4 31. Qc2 a5 32.
Nb3 Na6 33. Nxa5 Nc5 34. Re1 Ra8 35. Nc6 Bxc6 36. dxc6 b3 37. Qc3 Qc7 38. a5 Qxc6 39. Nd4 Be5 40. Qe3 Qd6 41. Nxb3 Nxb3 42. Qxb3 Bxa1 43. Rxa1 Rxe4 44. Qb7 Ree8 45. a6 Reb8 46. Qd5 Rxa6 47. Rd1 Qxd5 48. cxd5 Rd6 49. g3 f5 50. Bg2 h4 51. gxh4 Rh8 52. Kf1 Rxh4 53. Rd2 Kf6 54. Ke2 Rh8 55. Kf1 Re8 56. h4 Rb6 57. f4 Rb4 58. Kf2 Rxf4+ 59. Bf3 Rxh4 60. Kg3 Kg5 61. d6 f4+ 62. Kg2 Rhh8 63. d7 Rd8 64. Bc6 f5 65. Re2 Rh7 66. Re8 Rdxd7 67. Bxd7 Rxd7 68. Rd8 Rxd8 0-1

[Event "Early-Titled-Tuesday-Blitz-May-28-2024"]
[Site "Chess.com"]
[Date "2024.05.28"]
[Round "11"]
[White "linesman39"]
[Black "unbreakablepawn35"]
[Result "0-1"]
[WhiteElo "2245"]
[BlackElo "2361"]
[TimeControl "180+1"]
[EndTime "10:09:49 PDT"]
[Termination "unbreakablepawn35 won on time"]

1. d4 Nf6 2. c4 g6 3. Nc3 d5 4. Nf3 Bg7 5. Bg5 Ne4 6. cxd5 Nxc3 7. bxc3 Qxd5 8. e3 Bg4 9. Be2 c6 10. Bf4 O-O 11. O-O Rd8 12. Qb3 Qd7 13. Ne5 Bxe5 14. Bxg4 Qxg4 15. Bxe5 Qd7 16. h4 b6 17. h5 Qd5 18. c4 Qe6 19. hxg6 hxg6 20. Rad1 f6 21. Bg3 Kg7 22. d5 cxd5 23. cxd5 Qg4 24. e4 Rh8 25. e5 Nd7 26. d6 exd6 27. Rxd6 Nxe5 28. Bxe5 fxe5 29. Qd5 Raf8 30. Qxe5+ Kg8 31. Qd5+ Kg7 32. Rd7+ Kh6 33. Qd2+ Qg5 34. Qd6 Rf6 35. Qd4 Rhf8 36. g3 Qh5 37. Kg2 Rf5 38. Rh1 Rxf2+ 39.
Qxf2 Rxf2+ 40. Kxf2 Qxh1 41. Rd1 Qc6 42. Re1 Qc2+ 43.
Re2 Qc3 44. g4 Qc5+ 45. Kg3 Kg5 46. Re4 Qc7+ 47. Kf3 Qc3+ 48. Re3 Qxe3+ 49. Kxe3 Kxg4 50. Ke4 g5 51. Ke5 Kh4 52. Kf5 g4 0-1

[Event "Early-Titled-Tuesday-Blitz-May-28-2024"]
[Site "Chess.com"]
[Date "2024.05.28"]
[Round "11"]
[White "DenLaz"]
[Black "Durarbayli"]
[Result "0-1"]
[WhiteElo "3109"]
[BlackElo "2945"]
[TimeControl "180+1"]
[EndTime "10:09:50 PDT"]
[Termination "Durarbayli won by resignation"]

1. d4 d5 2. c4 c6 3. Nf3 Nf6 4. Qc2 dxc4 5. Qxc4 Bf5 6. g3 e6 7. Bg2 Be7 8. O-O O-O 9. Qb3 Qb6 10. Nbd2 Na6 11. Nc4 Qxb3 12. axb3 Nb4 13. Bd2 Rfc8 14. Rfc1 Be4 15. Ne1 c5 16. dxc5 Bxc5 17. Bxb4 Bxb4 18. Bxe4 Nxe4 19. Nd3 Bc5 20. Kg2 b5 21. Nce5 Bb6 22. e3 Nd2 23. b4 f6 24. Nd7 Nb3 25. Rxc8+ Rxc8 26. Ra3 Nd2 27. Nxb6 axb6 28. Ra7 e5 29. Rb7 Rd8 30. Ne1 Rd6 31. Nf3 Ne4 32. g4 g5 33. h4 h6 34. hxg5 hxg5 35. Kf1 Rc6 36. Ne1 Nd2+ 37. Ke2 Nc4 38. b3 Nd6 39. Rd7 Ne4 40.
Nd3 Rc2+ 41. Kf3 Nd2+ 42. Kg2 Nxb3 43. Rd6 Rd2 44. Rd8+ Kf7 45. Rd6 Ke7 46. Rxb6 Rxd3 47. Rxb5 Rd2 48. Kf3 Rb2 49. Rb7+ Ke6 50. Rb6+ Kf7 51.
Rd6 Nd2+ 52. Kg2 Ne4 53. Rd7+ Ke6 54. Rd8 Rxf2+ 55. Kg1 Rb2 56. b5 Rxb5 0-1

[Event "Early-Titled-Tuesday-Blitz-May-28-2024"]
[Site "Chess.com"]
[Date "2024.05.28"]
[Round "11"]
[White "rhungaski"]
[Black "ckgchess"]
[Result "0-1"]
[WhiteElo "2599"]
[BlackElo "2880"]
[TimeControl "180+1"]
[EndTime "10:09:51 PDT"]
[Termination "ckgchess won by resignation"]

1. b3 a5 2. c4 d5 3. cxd5 Nf6 4. Bb2 Nxd5 5. g3 h5 6. Nf3 Nc6 7. Bg2 Bg4 8. h3 Bf5 9. d3 Nf6 10. a3 Qd7 11. Nbd2 e6 12. Rc1 Be7 13. O-O O-O 14. Nc4 Rfc8 15. Qc2 Rab8 16. Rfd1 Qd8 17. Nfe5 Nxe5 18.
Bxe5 Nd7 19. Bc3 b6 20. e4 Bg6 21. Qb2 Bf8 22. b4 axb4 23. axb4 c5 24. b5 Ra8 25.
f4 Qc7 26. Rf1 f6 27. Qf2 Ra4 28. f5 exf5 29. exf5 Bf7 30. Ra1 Rxa1 31. Rxa1 Bd6 32. g4 hxg4 33. hxg4 Bh2+ 34. Kf1 Be5 35. Bxe5 Nxe5 36.
Nxe5 Qxe5 37. Re1 Qc3 38. Be4 Qb4 39. g5 fxg5 40. f6 g6 41. Qg3 Qd2 42. Qg4 Re8 43.
Re2 Qf4+ 44. Qxf4 gxf4 45. Rf2 g5 46. Rg2 Re5 47. Kf2 Bh5 48. Rg1 Kf7 49. Ra1 Kxf6 50. Ra6 Re6 51. Bd5 Rd6 52. Bc4 Bf7 53. Ra7 Bxc4 54.
dxc4 Ke5 55. Kf3 Kd4 0-1

[Event "Early-Titled-Tuesday-Blitz-May-28-2024"]
[Site "Chess.com"]
[Date "2024.05.28"]
[Round "11"]
[White "noblerone"]
[Black "kachsona"]
[Result "0-1"]
[WhiteElo "2521"]
[BlackElo "2621"]
[TimeControl "180+1"]
[EndTime "10:09:52 PDT"]
[Termination "kachsona won by resignation"]

1. d4 d5 2. Nf3 Nf6 3. Bg5 Ne4 4. Bf4 c5 5. e3 Qb6 6. Nc3 Nxc3 7. bxc3 Nc6 8. a4 Bf5 9. Bd3 Bxd3 10. Qxd3 e6 11. O-O c4 12. Qe2 Qd8 13. e4 Be7 14. Rfb1 Qd7 15.
exd5 exd5 16. Ne5 Nxe5 17. Qxe5 O-O 18. Qc7 Qxc7 19. Bxc7 b6 20. a5 Rfc8 21. axb6 axb6 22. Bxb6 f6 23. g3 Rxa1 24. Rxa1 Rb8 25. Ra7 Rxb6 26.
Rxe7 Rb2 27. Rd7 Rxc2 28. Rxd5 Rxc3 29. Rc5 g5 30. g4 h6 31. Kg2 Kf7 32. Rc6 Ke7 33.
Kf1 Kf7 34. Kg2 Ke7 35. Kf1 Rc1+ 36. Ke2 Rh1 37. Rxc4 Rxh2 38. Ke3 h5 39. gxh5 Rxh5 40. Ra4 Rh4 41. Ra7+ Ke6 42. Ra6+ Kf5 43. Ra5+ Kg6 44.
Rb5 Rh1 45. Ke2 g4 46. Ke3 Rd1 47. Ra5 f5 48. Rb5 Kg5 49. Ra5 Re1+ 50. Kd2 Re8 51. Kd3 Kf4 52. Rb5 Rf8 53. Ke2 Ke4 54. Rb4 Rd8 55. d5+ Kxd5 56. Rb5+ Ke4 57. Rb4+ Rd4 58. Rb5 Ra4 59. Rb2 f4 60. Rc2 f3+ 61. Kd2 Kf4 62. Rb2 g3 63. fxg3+ Kxg3 64. Rb8 Kf2 65. Rg8 Rd4+ 66.
Kc2 Kf1 67. Rg7 f2 68. Kc1 Ke2 69. Re7+ Kf3 70. Rf7+ Rf4 71. Rxf4+ Kxf4 0-1

[Event "Early-Titled-Tuesday-Blitz-May-28-2024"]
[Site "Chess.com"]
[Date "2024.05.28"]
[Round "11"]
[White "LeoLV10"]
[Black "wild3000"]
[Result "0-1"]
[WhiteElo "2552"]
[BlackElo "2395"]
[TimeControl "180+1"]
[EndTime "10:09:52 PDT"]
[Termination "wild3000 won by checkmate"]

1. e4 e6 2. d4 Nf6 3. e5 Nd5 4. c4 Nb6 5. Nc3 d6 6. exd6 cxd6 7. Be3 N8d7 8. Rc1 Nf6 9. Be2 Be7 10. Nf3 O-O 11. h3 Bd7 12. O-O Rc8 13. b3 Re8 14. Re1 Bf8 15. Qd2 Bc6 16. Nh2 Ne4 17. Nxe4 Bxe4 18.
f3 Bg6 19. Nf1 e5 20. d5 Nd7 21. b4 b6 22. Bf2 a5 23. a3 axb4 24. axb4 Ra8 25.
Ra1 Qc7 26. Qb2 Qb7 27. Nd2 f5 28. Nb3 Be7 29. Rxa8 Rxa8 30. Ra1 Rxa1+ 31. Qxa1 Be8 32. b5 Nb8 33. Nd2 h6 34. Nb1 Nd7 35. Nc3 Nc5 36. Qa3 Kf7 37. Na2 g5 38. Nb4 Bd7 39. Qa1 Bf6 40.
Qa2 h5 41. Nc6 g4 42. hxg4 hxg4 43. fxg4 fxg4 44. Qc2 Kg7 45. Qa2 Bf5 46. Bxc5 dxc5 47. Qa6 Qc7 48. Qa8 e4 49. Qa7 Qxa7 50. Nxa7 Bd4+ 51. Kf1 Kf6 52. Nc6 g3 53. Bh5 Kg5 54.
Be8 Bg4 55. d6 e3 56. Nxd4 cxd4 57. d7 Bxd7 58. Bxd7 d3 59. Be6 Kf4 60. c5 e2+ 61. Ke1 Ke3 62. cxb6 d2# 0-1

[Event "Early-Titled-Tuesday-Blitz-May-28-2024"]
[Site "Chess.com"]
[Date "2024.05.28"]
[Round "11"]
[White "Willi_Skibbe"]
[Black "David_ATM"]
[Result "1-0"]
[WhiteElo "2277"]
[BlackElo "2426"]
[TimeControl "180+1"]
[EndTime "10:09:52 PDT"]
[Termination "Willi_Skibbe won on time"]

1. d4 d5 2. Nf3 c6 3. e3 Nf6 4. Bd3 g6 5. Nbd2 Bg7 6. h3 O-O 7. O-O Re8 8. e4 dxe4 9. Nxe4 Nxe4 10. Bxe4 Nd7 11. Bf4 Nf6 12. Bd3 Be6 13. Re1 Qc8 14. Ne5 Nd7 15. Nxd7 Qxd7 16. c3 Bf5 17. Bf1 h5 18. Qb3 b6 19. Bc4 Rf8 20. a4 a6 21.
Qxb6 Kh7 22. Qc5 e6 23. b4 Bh6 24. Qd6 Qxd6 25. Bxd6 Rfd8 26. Be5 Bd2 27. Re3 Bxe3 28. fxe3 Be4 29. Rf1 f5 30. a5 Rd5 31. h4 Kg8 32. g3 Kf7 33. Bf4 Ke7 34. Bg5+ Kd7 35. Bf4 Kc8 36. Rc1 Kb7 37. Bxd5 exd5 38. c4 dxc4 39. Rxc4 Bd5 40. Rc3 Re8 41. Kf2 Be4 42. Bd6 Rd8 43.
Bc5 Rd5 44. Rc1 Bd3 45. Rc3 Bb5 46. Kf3 Rd8 47. Kf4 Re8 48. Kg5 Re6 49. d5 cxd5 50.
Bd4 Bc6 51. Bf6 Re4 52. Kxg6 Rxb4 53. Be5 Rg4+ 54. Kxh5 Bb5 55. Kh6 Be2 56. Bf4 Rg8 57.
Rc7+ Kb8 58. Rg7+ 1-0

[Event "Early-Titled-Tuesday-Blitz-May-28-2024"]
[Site "Chess.com"]
[Date "2024.05.28"]
[Round "11"]
[White "Rsnr"]
[Black "KononenkoD"]
[Result "1-0"]
[WhiteElo "2884"]
[BlackElo "2608"]
[TimeControl "180+1"]
[EndTime "10:09:53 PDT"]
[Termination "Rsnr won on time"]

1. d4 Nf6 2. c4 c5 3. d5 b5 4. Qc2 g6 5. e4 d6 6. Nf3 Bg7 7. cxb5 a6 8. Nc3 O-O 9. a4 e6 10. dxe6 fxe6 11. Be2 d5 12. O-O d4 13. Nd1 Nbd7 14. Nd2 axb5 15. Bxb5 Bb7 16. f3 Kh8 17. Nc4 Qc7 18. Nf2 Nh5 19. Nd3 Bxe4 20. fxe4 Rxf1+ 21. Kxf1 Qxh2 22. Ne1 Rf8+ 23. Ke2 Ng3+ 24. Kd3 Qg1 25. Qd1 Rf2 26. Bd2 Nf6 27. Bc6 Qf1+ 28. Kc2 Nfxe4 29. Bb5 d3+ 30. Nxd3 Qxg2 31. Nxf2 Nxf2 32. Qe1 Nge4 33. Ra3 Qg4 34. Kb1 Qf5 35. Ka1 Qf6 36. Bc1 h5 37. a5 Ng5 38. a6 Qd4 39. a7 Nd3 40. a8=Q+ Kh7 41. Rxd3 Qxd3 42. Bxg5 Qb3 43. Qa4 Qf3 44. Qb1 Qg4 45. Qac2 Qxg5 46. Qe4 h4 47. Be8 Kh8 48. Qxg6 Qxg6 49. Qxg6 Bxb2+ 50. Ka2 e5 51. Nd6 1-0

[Event "Early-Titled-Tuesday-Blitz-May-28-2024"]
[Site "Chess.com"]
[Date "2024.05.28"]
[Round "11"]
[White "patzer-reloaded"]
[Black "SharapovEvgeny"]
[Result "0-1"]
[WhiteElo "2478"]
[BlackElo "2609"]
[TimeControl "180+1"]
[EndTime "10:09:53 PDT"]
[Termination "SharapovEvgeny won on time"]

1. d3 d5 2. Nf3 c5 3. g3 Nc6 4.
Bg2 g6 5. O-O Bg7 6. c4 e6 7.
Nc3 d4 8. Na4 Qe7 9. a3 Nh6 10.
b4 cxb4 11. axb4 Nxb4 12. Ba3 a5 13. Nb6 Rb8 14. Qb3 O-O 15. Rfb1 Nf5 16. Ne1 Qc7 17.
Bxb4 axb4 18. Qxb4 Rd8 19. Nc2 Bf8 20. Qb2 Bc5 21. Nxc8 Rdxc8 22. Na3 Bxa3 23. Rxa3 b6 24. Rb3 Qe5 25. Bf3 h5 26. Rb5 Rc5 27.
Rxb6 Rxb6 28. Qxb6 h4 29. Qb8+ Qxb8 30. Rxb8+ Kg7 31.
Kg2 hxg3 32. hxg3 Kf6 33. Rb5 Rc7 34. c5 Ne7 35. c6 e5 36. Rb7 Rc8 37. c7 Ke6 38. Bg4+ f5 39. Bf3 Kd7 40. Rb6 Rxc7 41. Rf6 Rc5 42. g4 Ra5 43. Kg3 Rc5 44. Kh4 Ra5 45.
Kg5 e4 46. Bg2 fxg4+ 47. Kxg4 exd3 48. exd3 Rf5 49. Rxf5 gxf5+ 50. Kf4 Ke6 51. Bh3 Kf6 52. Bg2 Ng6+ 53. Kg3 Kg5 0-1

[Event "Early-Titled-Tuesday-Blitz-May-28-2024"]
[Site "Chess.com"]
[Date "2024.05.28"]
[Round "11"]
[White "chess_sharparchitect"]
[Black "NastyaHn"]
[Result "1-0"]
[WhiteElo "2373"]
[BlackElo "2441"]
[TimeControl "180+1"]
[EndTime "10:09:53 PDT"]
[Termination "chess_sharparchitect won by resignation"]

1. c4 e6 2. e4 d5 3. exd5 exd5 4. cxd5 Nf6 5. Nc3 Nxd5 6. Nf3 Be7 7. d4 O-O 8. Bd3 c6 9. O-O Bg4 10. h3 Bh5 11. Be2 Nd7 12. Ne5 Bxe2 13. Qxe2 Nxe5 14. dxe5 Nxc3 15. bxc3 Qa5 16. Bb2 Ba3 17. Rab1 b6 18. e6 fxe6 19. Qxe6+ Kh8 20. Qxc6 Bxb2 21. Rxb2 Rac8 22.
Qd7 Qxc3 23. Re2 a5 24. Re7 h6 25. Re6 Qb2 26. a4 Rc1 27. f3 Rc2 28. Rg6 Rg8 29.
Qg4 Rd2 30. Qf4 Kh7 31. Rg4 Rgd8 32. Qf5+ Kh8 33. Qe6 Re2 34. Qf7 Red2 35. Qf5 Qc3 36. Kh1 Qc7 37. Qg6 Rd1 38. Rg1 Rxg1+ 39. Kxg1 Rd1+ 40.
Kf2 Qc5+ 41. Kg3 Qe5+ 42. f4 Qe3+ 43. Kh4 Qe7+ 44. Kg3 Re1 45. Kh2 Re3 46. Qh5 Re4 47.
Qf5 Rxa4 48. Qc8+ Kh7 49. Qc2+ Kh8 50. Qxa4 1-0

[Event "Early-Titled-Tuesday-Blitz-May-28-2024"]
[Site "Chess.com"]
[Date "2024.05.28"]
[Round "11"]
[White "platy3"]
[Black "crazy_but_lazy"]
[Result "0-1"]
[WhiteElo "2876"]
[BlackElo "2699"]
[TimeControl "180+1"]
[EndTime "10:09:56 PDT"]
[Termination "crazy_but_lazy won by resignation"]

1. d4 Nf6 2. Bf4 d6 3. Nc3 c6 4. e4 g6 5. Qd2 b5 6. a3 Qb6 7.
e5 Nd5 8. Nxd5 cxd5 9. exd6 e6 10. Be5 Rg8 11. Nf3 a6 12. Bd3 Nd7 13. O-O f6 14. Bg3 Bxd6 15. Bxd6 Qxd6 16. Rfe1 Kf7 17. a4 b4 18. a5 Bb7 19. Ra4 Bc6 20. Qxb4 Qxb4 21. Rxb4 Ke7 22. c3 Kd6 23. Bf1 Rge8 24. Nd2 e5 25. dxe5+ fxe5 26. f3 Re7 27. Rd1 Kc7 28. Rh4 e4 29. fxe4 dxe4 30. Nc4 e3 31. Re1 Rae8 32. Be2 Rf8 33. Rf1 Rd8 34. Rh3 Nc5 35. b4 Na4 36. Rc1 Bb5 37. Kf1 Rd2 38. Re1 Nxc3 39.
Rxe3 Rxe3 40. Nxe3 Nxe2 41. Kf2 Nf4+ 42. Kf3 Nd3 43.
Rb1 Ne5+ 44. Kf4 Nd3+ 45. Kg5 Re2 46. Nd5+ Kd6 47. Nc3 Rxg2+ 48. Kh6 Rxh2+ 49. Kg7 Bc4 50. Ne4+ Ke5 51. Ng5 Kd5 52. Rf1 Nxb4 53. Nxh7 g5 54. Rf8 g4 55. Nf6+ Kc5 56. Rc8+ Kb5 57. Nxg4 Rg2 0-1

[Event "Early-Titled-Tuesday-Blitz-May-28-2024"]
[Site "Chess.com"]
[Date "2024.05.28"]
[Round "11"]
[White "JJDAREK"]
[Black "aanshnerurkar"]
[Result "1-0"]
[WhiteElo "2357"]
[BlackElo "2441"]
[TimeControl "180+1"]
[EndTime "10:09:57 PDT"]
[Termination "JJDAREK won on time"]

1. d4 Nf6 2. c4 e6 3. Nf3 d5 4.
g3 Be7 5. Bg2 O-O 6. O-O dxc4 7. Qa4 a6 8. Qxc4 b5 9. Qc2 Bb7 10. Bd2 Nbd7 11. Ba5 Rc8 12. Nbd2 Qe8 13. b4 Nb6 14. a3 Nfd7 15. e4 Bd6 16. e5 Be7 17.
Rfe1 Bd5 18. h4 h6 19. Rac1 Bd8 20. Re3 Ba8 21. Ne1 Bxg2 22. Kxg2 Nd5 23. Re2 c6 24. Nd3 f5 25. exf6 Bxf6 26. Nf3 Qf7 27. Nde1 Rfe8 28.
Qe4 e5 29. dxe5 Nxe5 30. Nxe5 Rxe5 31. Qf3 Rxe2 32. Qxe2 Be7 33. Nd3 Bd6 34. Re1 Kh8 35. Qe6 Qxe6 36. Rxe6 Bf8 37. Ne5 c5 38. bxc5 Bxc5 39.
Nf7+ Kg8 40. Nd6 Bxd6 41. Rxd6 Nc3 42. Rxa6 Ne4 43. Kf3 Nc5 44. Ra7 Rf8+ 45. Kg2 Ne4 46. f4 g5 47. fxg5 hxg5 48. h5 Rf2+ 49. Kg1 Rf3 50. h6 Rxg3+ 51. Kh2 Rf3 52. h7+ Kh8 53. Bb6 1-0

[Event "Early-Titled-Tuesday-Blitz-May-28-2024"]
[Site "Chess.com"]
[Date "2024.05.28"]
[Round "11"]
[White "sergeikim"]
[Black "MatthewG-p4p"]
[Result "0-1"]
[WhiteElo "2611"]
[BlackElo "2854"]
[TimeControl "180+1"]
[EndTime "10:10:01 PDT"]
[Termination "MatthewG-p4p won by resignation"]

1. d4 Nf6 2. c4 c5 3. d5 e6 4. Nc3 exd5 5. cxd5 d6 6. e4 g6 7.
Nge2 Bg7 8. Ng3 a6 9. a4 h5 10. Be2 Qe7 11. O-O h4 12. Nh1 Nxe4 13. Nxe4 Qxe4 14.
Re1 O-O 15. Bf3 Qc4 16. Re4 Bd4 17. Be3 Bf5 18. Rxh4 Nd7 19. Bxd4 cxd4 20. Rxd4 Qc2 21. Ng3 Ne5 22. Be4 Qxd1+ 23. Raxd1 Bd7 24. f4 Ng4 25. h3 Nf6 26. Rc1 Rfc8 27. Rdc4 Rxc4 28. Rxc4 b5 29. axb5 Bxb5 30. Rc7 Re8 31. Bf3 Re1+ 32. Kh2 Rb1 33. f5 Rxb2 34. fxg6 fxg6 35. Be4 Nxe4 36. Nxe4 Bf1 37.
Nf6+ Kf8 38. Nh7+ Ke8 39. Nf6+ Kd8 40. Rd7+ Kc8 41. Rxd6 Rxg2+ 42. Kh1 Rf2 43. Ng4 Rf4 44. Kg1 Bd3 45. Ne5 Bf5 46. Nxg6 Re4 47. Rxa6 Kd7 48. Rf6 Bxh3 49. Kf2 Ra4 50. Kg3 Ra3+ 51. Kf4 Bg2 52. Ne5+ Ke8 53. Re6+ Kd8 54. Nc6+ Kc7 55. Ke5 Ra1 56.
Re7+ Kb6 57. Re8 Re1+ 58. Kd6 Rxe8 0-1